 Dungeon Crawl Stone Soup version 0.22-a0-284-g99d1f74 (webtiles) character file.

2532 Azzok the Fighter (level 9, -1/86 HPs)
             Began as a Minotaur Fighter on Mar 20, 2018.
             Killed by static electricity
             ... invoked by an insubstantial wisp
              (7 damage)
             ... on level 7 of the Dungeon.
             The game lasted 00:12:13 (6530 turns).

Azzok the Fighter (Minotaur Fighter)                Turns: 6530, Time: 00:12:14

Health: -1/86      AC: 12    Str: 26    XL:     9   Next: 30%
Magic:  8/8        EV:  6    Int:  8    God:
Gold:   420        SH: 10    Dex: 10    Spells: 8/8 levels left

rFire    . . .     SeeInvis .   m - +1 short sword (venom)
rCold    . . .     Gourm    .   c - +0 shield
rNeg     . . .     Faith    .   w - +0 chain mail
rPois    .         Spirit   .   (helmet restricted)
rElec    .         Reflect  .   b - +1 cloak
rCorr    +         Harm     .   k - +0 pair of gloves
MR       .....                  (no boots)
Stlth    ..........             (no amulet)
HPRegen  0.24/turn              n - ring of resist corrosion
MPRegen  0.11/turn              (no ring)

@: mighty
A: retaliatory headbutt, horns 2
a: no special abilities


You were on level 7 of the Dungeon.
You were not hungry.

You visited 1 branch of the dungeon, and saw 7 of its levels.
You also visited: Sewer.

You collected 420 gold pieces.

Inventory:

Hand Weapons
 a - a +0 long sword
 m - a +1 short sword of venom (weapon)
 y - a cursed -3 shortbow
 C - a +4 quarterstaff of chaos
Missiles
 h - 48 arrows
Armour
 b - a +1 cloak (worn)
 c - a +0 shield (worn)
 k - a +0 pair of gloves (worn)
 w - a +0 chain mail (worn)
Jewellery
 n - a ring of resist corrosion (left hand)
Wands
 r - a wand of paralysis (11)
 z - a wand of polymorph (26)
Scrolls
 g - 5 scrolls of teleportation
 i - 10 scrolls of identify {unknown}
 j - 3 scrolls of enchant weapon {unknown}
 l - 4 scrolls of amnesia {unknown}
 s - 2 scrolls of immolation {unknown}
 u - 4 scrolls of blinking {unknown}
 x - a scroll of summoning {unknown}
 E - a scroll of fear {unknown}
 F - a scroll of fog {unknown}
 G - 2 scrolls of remove curse {unknown}
Potions
 e - a potion of resistance
 o - a potion of mutation {unknown}
 p - a potion of lignification {unknown}
 q - a potion of berserk rage {unknown}
 t - 5 potions of flight
 v - a potion of curing {unknown}
 A - 2 potions of heal wounds {unknown}
 D - a potion of haste {unknown}
Comestibles
 f - 13 rations
 B - 11 chunks of flesh


   Skills:
 - Level 10.5 Fighting
 - Level 2.4 Long Blades
 + Level 10.3 Bows
 - Level 3.6 Armour
 - Level 3.6 Shields


You had 8 spell levels left.
You didn't know any spells.

Dungeon Overview and Level Annotations

Branches:
Dungeon (7/15)             Temple (0/1) D:6

Altars:
Cheibriados
Gozag
Makhleb
Nemelex Xobeh
Qazlal
Sif Muna
Trog
Vehumet
The Shining One

Shops:
D:7 =

Annotations:
D:7 1 transporter


Innate Abilities, Weirdness & Mutations

You reflexively headbutt those who attack you in melee.
You have a pair of horns on your head.


Message History

The insubstantial wisp thrums sharply.
You are struck by lightning.
* * * LOW HITPOINT WARNING * * *
The lightning arcs!
You closely miss the insubstantial wisp.
Your headbutt misses the insubstantial wisp.
The insubstantial wisp is moderately damaged.
The insubstantial wisp thrums sharply.
You are struck by lightning.
* * * LOW HITPOINT WARNING * * *
The lightning arcs!
You miss the insubstantial wisp.
Your headbutt misses the insubstantial wisp.
The insubstantial wisp is moderately damaged.
The insubstantial wisp hits you but does no damage.
You miss the insubstantial wisp.
The insubstantial wisp is moderately damaged.
The insubstantial wisp thrums sharply.
You are struck by lightning.
You die...

▒·▒ ▒···▒·▒ ▒·▒ ▒···▒·▒
▒·▒▒▒▒···▒·▒▒ ▒▒▒▒
▒▒▒▒▒▒▒·▒·········▒ ···▒
▒·······†···∩·····▒▒▒
▒▒·▒▒▒▒▒▒▒·▒▒▒▒▒·▒············
·········▒·▒ ▒·▒▒▒▒·)·▒▒▒▒▒▒
▒▒·▒▒▒▒▒·▒·▒ ▒v▒ ▒···▒ ▒▒·▒
▒·▒·▒ ▒@▒ ▒···▒ ···▒ ▒·▒·▒ ▒·▒
▒▒Y▒▒▒▒▒▒▒ ▒▒·▒ ▒·▒·▒ ▒·▒
▒········ ▒·▒ ▒·▒·▒ ▒·▒
▒··$▒···· ▒·▒ ▒···▒ ▒·▒
····≈§≈≈▒ ▒·▒▒▒▒▒▒▒·▒▒▒▒▒·▒
▒···§≈≈≈≈§ ▒▒···············▒
▒·▒≈§§··≈≈ ···▒▒▒▒▒▒▒·▒▒▒▒▒▒▒
▒· §§·$··≈ ▒▒▒▒▒·▒▒▒▒·······▒
▒· ≈≈·▒▒$·


You could see an insubstantial wisp.

Vanquished Creatures
  A steam dragon (D:7)
  5 sky beasts
  2 phantoms
  An ice beast (D:5)
  An orc warrior (D:6)
  An ogre (D:5)
  A centaur (D:5)
  2 bullfrogs
  A water moccasin zombie (D:7)
  2 scorpions
  A howler monkey (D:5)
  4 crimson imps
  4 hounds
  A bullfrog zombie (D:6)
  A jelly (D:6)
  Crazy Yiuf (D:5)
  3 orc priests
  A centaur skeleton (D:4)
  7 orc wizards
  An iguana (D:4)
  A merfolk siren (Sewer)
  A worker ant (D:6)
  A merfolk avatar (Sewer)
  A mummy (D:5)
  3 gnolls (D:7)
  9 adders
  6 river rats
  An ooze (D:4)
  2 worms (D:4)
  4 dart slugs
  14 leopard geckos
  21 orcs
  7 ball pythons
  6 bats
  5 giant cockroaches
  7 hobgoblins
  23 jackals
  4 kobolds (D:2)
  5 quokkas
  3 frilled lizards
  2 goblins (D:3)
  A leopard gecko zombie (D:5)
  22 rats
190 creatures vanquished.

Notes
Turn   | Place    | Note
-------+----------+-------------------------------------------
     0 | D:1      | Azzok the Minotaur Fighter began the quest for the Orb.
     0 | D:1      | Reached XP level 1. HP: 19/19 MP: 0/0
   378 | D:1      | Reached XP level 2. HP: 28/28 MP: 1/1
   703 | D:2      | Found a deep blue altar of Sif Muna.
   966 | D:2      | Reached skill level 5 in Fighting
  1099 | D:2      | Reached XP level 3. HP: 36/36 MP: 2/2
  1605 | D:3      | Found an opulent altar of Gozag.
  1691 | D:3      | Reached XP level 4. HP: 44/44 MP: 3/3
  1801 | D:3      | Found a glowing drain.
  1805 | Sewer    | Entered a sewer
  1930 | Sewer    | Reached XP level 5. HP: 49/52 MP: 4/4
  2444 | D:3      | Found a bloodstained altar of Trog.
  2623 | D:3      | Reached XP level 6. HP: 60/61 MP: 5/5
  3519 | D:4      | Reached XP level 7. HP: 56/70 MP: 6/6
  3626 | D:4      | Found a burning altar of Makhleb.
  3683 | D:4      | Reached skill level 10 in Fighting
  3928 | D:5      | Entered Level 5 of the Dungeon
  4059 | D:5      | Reached skill level 1 in Bows
  4124 | D:5      | Reached XP level 8. HP: 39/80 MP: 7/7
  4346 | D:5      | Reached skill level 5 in Bows
  4508 | D:5      | Found a runed door.
  4512 | D:5      | Noticed Crazy Yiuf
  4516 | D:5      | Killed Crazy Yiuf
  4772 | D:5      | Found a snail-covered altar of Cheibriados.
  4938 | D:6      | Found a radiant altar of Vehumet.
  5011 | D:6      | Found a glowing golden altar of the Shining One.
  5289 | D:6      | Found a staircase to the Ecumenical Temple.
  6034 | D:6      | Found a sparkling altar of Nemelex Xobeh.
  6139 | D:7      | Found a stormy altar of Qazlal.
  6227 | D:7      | Noticed a gargoyle
  6228 | D:7      | Found a transporter.
  6368 | D:7      | Reached XP level 9. HP: 84/86 MP: 8/8
  6377 | D:7      | Found Fulah's Jewellery Boutique.
  6491 | D:7      | Reached skill level 10 in Bows
  6530 | D:7      | Killed from afar by an insubstantial wisp

Vault maps used:
D:1:      dpeg_arrival_line_fractal
D:2:      nicolae_overflow_crystal_walls, first_ration
D:3:      grunt_gozag_statues, overflow_temple_1_default,
          gup_sewer_entry_spiral, due_unseen_surprise
D:4:      lightli_temple_of_fire, moated_statue
D:5:      slow_altar_2, corexii_leaking_fountain, uniq_crazy_yiuf_cottage
D:6:      lemuel_coloured_pillars_altar, old_standard_altar, lemuel_round_altar,
          minmay_temple_entry_from_below_b
D:7:      grunt_qazlal_sundering, gammafunk_temple_overflow_arena, serial_shops,
          shop, hangedman_misty_isle
Sewer:    sewer_sea

Skill      XL: |  1  2  3  4  5  6  7  8  9 |
---------------+----------------------------+-----
Fighting       | 4 5 7 8 9 10 | 10.5
Bows           | 4 9 10 | 10.3
Long Blades    | |  2.4
Armour         | |  3.6
Shields        | |  3.6

Action                   |  1- 3 |  4- 6 |  7- 9 || total
-------------------------+-------+-------+-------++-------
Melee: Long sword        |    18 |       |       ||    18
       Headbutt          |    13 |    31 |    64 ||   108
       Short sword       |    68 |   240 |   302 ||   610
  Use: Potion            |       |       |     1 ||     1
  Eat: Chunk             |     2 |     7 |    10 ||    19
Armor: Scale mail        |    30 |       |       ||    30
       Chain mail        |    26 |   106 |   152 ||   284
Dodge: Dodged            |    45 |    32 |    41 ||   118
Block: Shield            |    66 |    90 |   124 ||   280
       Rpst.: Long sword |     6 |       |       ||     6

Table legend:
 A = Spawn XP
 B = Non-spawn XP
 C = Spawn XP percentage of total XP
 D = Spawn monster count
 E = Non-spawn monster count
 F = Spawn count percentage of total count
 G = Total turns spent on level
                    A         B        C        D         E        F      G
               +---------+---------+-------+---------+---------+-------+---------
         Total |       0 |    3618 |   0.0 |       0 |     190 |   0.0 |  6530
               +---------+---------+-------+---------+---------+-------+---------
           D:1 |       0 |      15 |   0.0 |       0 |       8 |   0.0 |   643
           D:2 |       0 |      47 |   0.0 |       0 |      19 |   0.0 |   805
           D:3 |       0 |     170 |   0.0 |       0 |      38 |   0.0 |   993
           D:4 |       0 |     496 |   0.0 |       0 |      22 |   0.0 |   942
           D:5 |       0 |     960 |   0.0 |       0 |      27 |   0.0 |   950
           D:6 |       0 |     687 |   0.0 |       0 |      16 |   0.0 |  1211
           D:7 |       0 |    1028 |   0.0 |       0 |      18 |   0.0 |   441
         Sewer |       0 |     215 |   0.0 |       0 |      42 |   0.0 |   545
               +---------+---------+-------+---------+---------+-------+---------
